 Dungeon Crawl Stone Soup version 0.19-a0-1888-g6ba2374 (webtiles) character file.

60 Naow the Shield-Bearer (level 4, -1/35 HPs)
             Began as a Formicid Fighter on Oct 17, 2016.
             Killed by nerve-wracking pain
             ... invoked by an orc priest
              (3 damage)
             ... on level 3 of the Dungeon.
             The game lasted 00:01:59 (1893 turns).

Naow the Shield-Bearer (Formicid Fighter)           Turns: 1893, Time: 00:02:00

Health: -1/35      AC:  6    Str: 22    XL:     4   Next: 24%
Magic:  4/4        EV: 13    Int:  7    God:
Gold:   74         SH: 10    Dex: 15    Spells: 0 memorised, 3 levels left

rFire  . . .     SeeInvis +     a - +0 war axe
rCold  . . .     Gourm    .     b - +0 scale mail
rNeg   . . .     Faith    .     c - +0 shield
rPois  .         Spirit   .     (helmet unavailable)
rElec  .         Dismiss  .     (no cloak)
rCorr  .         Reflect  .     (no gloves)
MR     .....     Harm     .     (no boots)
Stlth  +.........               (no amulet)
                                (no ring)
                                (no ring)

@: agile
A: permanent stasis, dig shafts and tunnels, four strong arms, antennae 3
a: Dig, Shaft Self


You were on level 3 of the Dungeon.
You were not hungry.

You visited 1 branch of the dungeon, and saw 3 of its levels.

You collected 74 gold pieces.

Inventory:

Hand Weapons
 a - a +0 war axe (weapon)
Armour
 b - a +0 scale mail (worn)
 c - a +0 shield (worn)
Scrolls
 e - 3 scrolls of teleportation {unknown}
 g - a scroll of remove curse {unknown}
 j - 2 scrolls of enchant armour {unknown}
 m - 4 scrolls of identify {unknown}
Potions
 d - a potion of might
 h - a potion of cure mutation {unknown}
 i - a potion of flight {unknown}
 k - a potion of haste {unknown}
 n - a potion of curing {unknown}
 q - a potion of agility
 r - a potion of magic {unknown}
Comestibles
 f - 2 bread rations
 l - a meat ration
 o - a slice of pizza
 p - 3 chunks of flesh


   Skills:
 - Level 3.2 Fighting
 + Level 3.1 Axes
 - Level 3.2 Armour
 + Level 5.0 Shields


You had 3 spell levels left.
You didn't know any spells.

Dungeon Overview and Level Annotations

Branches:
Dungeon (3/15)

Altars:

Annotations:
D:3 Ijyb


Innate Abilities, Weirdness & Mutations

You are under a permanent stasis effect.
You can dig through walls and to a lower floor.
Your four strong arms can wield two-handed weapons with a shield.
You have a pair of large antennae on your head. (SInv)


Message History

Okay, then.
It was a potion of agility.
You feel agile all of a sudden. Ijyb misses you. You block the orc's attack.
The orc completely misses you.
The orc priest hits you but does no damage.
You barely miss the orc priest. You completely miss the orc.
You closely miss the orc. You closely miss Ijyb. Ijyb closely misses you.
You block the orc's attack. The orc closely misses you.
You block the orc's attack.
The orc priest mumbles some strange prayers to Beogh against you.
Pain shoots through your body!
* * * LOW HITPOINT WARNING * * *
Ijyb barely misses you. The orc barely misses you. The orc misses you.
You closely miss the orc priest. You closely miss Ijyb.
You barely miss the orc. You closely miss the orc.
The orc hits you from afar with a trident.
* * * LOW HITPOINT WARNING * * *
The orc priest mumbles some strange prayers to Beogh against you.
Pain shoots through your body!
You die...

.### #........#.. .#
#......### .# #......#
.##########......# {
.................# .
.................#####..
........................
...........###...o....#.
........... #.o@g....#
........... #.)o)....#
........... #.o......#
...รท....... #........#
......##### #........#
......# #........#
......# #........#
......# ##########
...[..#


You could see Ijyb, an orc priest and 3 orcs.

Vanquished Creatures
  An ooze (D:2)
  3 worms (D:2)
  A dart slug (D:2)
  A leopard gecko (D:3)
  2 orcs (D:3)
  3 goblins
  6 hobgoblins
  4 jackals (D:2)
  A quokka (D:2)
  A ball python (D:1)
  9 bats
  A frilled lizard (D:1)
  2 kobolds (D:1)
  5 rats
40 creatures vanquished.

Notes
Turn   | Place    | Note
-------+----------+-------------------------------------------
     0 | D:1      | Naow the Formicid Fighter began the quest for the Orb.
     0 | D:1      | Reached XP level 1. HP: 18/18 MP: 1/1
    10 | D:1      | Noticed a minotaur zombie
    16 | D:1      | Noticed a merfolk zombie
   274 | D:1      | Reached XP level 2. HP: 23/24 MP: 2/2
   289 | D:1      | Reached skill level 4 in Shields
   749 | D:2      | Reached XP level 3. HP: 14/29 MP: 3/3
  1354 | D:2      | Reached XP level 4. HP: 16/35 MP: 4/4
  1884 | D:3      | Noticed Ijyb
  1890 | D:3      | Reached skill level 5 in Shields
  1893 | D:3      | Killed from afar by an orc priest

Vault maps used:
D:1:      shiori_arrival_whats_in_store_for_you
D:3:      uniq_iyjb

Skill      XL: |  1  2  3  4 |
---------------+-------------+-----
Shields        | 4 5 |  5.0
Axes           | 3 |  3.1
Fighting       | |  3.2
Armour         | |  3.2

Action                   |  1- 3 |  4- 6 || total
-------------------------+-------+-------++-------
Melee: War axe           |   122 |    27 ||   149
  Use: Potion            |       |     1 ||     1
  Eat: Chunk             |     2 |     1 ||     3
Armor: Scale mail        |    70 |    13 ||    83
Dodge: Dodged            |    58 |    10 ||    68
Block: Shield            |    82 |    20 ||   102
